 Dungeon Crawl Stone Soup version 0.32-a0-859-gb0a091d592 (webtiles) character file.

Game seed: 11356598255243042960

29281 Shayle the Cruncher (level 13, -8/98 HPs)
             Began as a Coglin Alchemist on Mar 27, 2024.
             Was an Elder of Yredelemnul.
             Shot with an arrow by an orc warrior (13 damage)
             ... led by Saint Roka
             ... on level 2 of the Orcish Mines.
             The game lasted 01:44:52 (18210 turns).

Shayle the Cruncher (Coglin Alchemist)             Turns: 18210, Time: 01:44:54

Health: -8/98      AC: 22    Str:  9    XL:     13   Next: 44%
Magic:  5/31       EV: 10    Int: 17    God:    Yredelemnul [****..]
Gold:   1435       SH:  0    Dex: 15    Spells: 10/24 levels left

rFire   + . .        y - +3 Elemental Staff {ele, rElec rF+ rC+ AC+3}
rCold   + + +        a - +1 broad axe (flame) {Publia}
rNeg    + . .        b - +0 swamp dragon scales
rPois   +            t - +1 helmet of the Sheltering Gods {rN+ Slay+3}
rElec   +            d - +2 cloak of Cowardice {rC+ MP+9 Dex-2}
rCorr   .            (no gloves)
SInv    .            v - +3 pair of mountain boots {steadfast, rC+}
Will    .....        (amulet unavailable)
Stlth   ++           (ring unavailable)
HPRegen 0.36/turn    (ring unavailable)
MPRegen 0.22/turn    (no gizmo)

%: no passive effects
@: very slightly contaminated, wreathed by umbra, revving
A: off-hand wielding, slow wielding, warmup strikes, no jewellery
a: Invent Gizmo, Renounce Religion, Light the Black Torch, Recall Undead
Harvest, Hurl Torchlight, Bind Soul


You were on level 2 of the Orcish Mines.
You worshipped Yredelemnul.
Yredelemnul was noncommittal.
You visited 4 branches of the dungeon, and saw 16 of its levels.
You also visited: Ice Cave.

You collected 1963 gold pieces.
You spent 528 gold pieces at shops.

Inventory:

Hand Weapons
 a - a +1 broad axe of flaming (offhand) {Publia}
 n - a +0 sling
 p - a +0 sling
 q - the +5 flail "Zydwuo" {drain, Fly}
   (You found it on level 10 of the Dungeon)

   Fly:       It grants you flight.
 y - the +3 Elemental Staff (weapon) {ele, rElec rF+ rC+ AC+3}
   (You acquired it on level 7 of the Dungeon)

   AC+3:      It affects your AC (+3).
   rF+:       It protects you from fire.
   rC+:       It protects you from cold.
   rElec:     It insulates you from electricity.
 B - a +3 broad axe of freezing
Armour
 b - +0 swamp dragon scales (worn)
 d - the +2 cloak of Cowardice (worn) {rC+ MP+9 Dex-2}
   (You acquired it on level 4 of the Dungeon)

   Dex-2:     It affects your dexterity (-2).
   rC+:       It protects you from cold.
   MP+9:      It affects your magic capacity (+9).
 r - a +0 leather armour of resistance
 t - the +1 helmet of the Sheltering Gods (worn) {rN+ Slay+3}
   (You acquired it on level 11 of the Dungeon)

   Slay+3:    It affects your accuracy & damage with ranged weapons and melee
   (+3).
   rN+:       It protects you from negative energy.
 u - +0 steam dragon scales
 v - the +3 pair of mountain boots (worn) {steadfast, rC+}
   (You acquired it on level 11 of the Dungeon)

   Steadfast: It prevents involuntary movement, except for blinking,
   teleportation, or banishment.
   rC+:       It protects you from cold.
Wands
 i - a wand of charming (20)
 l - a wand of roots (7)
 m - a wand of mindburst (3)
Scrolls
 c - 2 scrolls of torment
 g - 6 scrolls of teleportation
 h - 3 scrolls of immolation
 k - a scroll of fog
 s - a scroll of poison
 x - 3 scrolls of amnesia
 C - 2 scrolls of vulnerability
 E - a scroll of noise
 H - a scroll of fear {unknown}
Potions
 e - a potion of brilliance
 j - 4 potions of enlightenment
 w - 2 potions of mutation
 z - a potion of attraction
 A - a potion of invisibility
 D - a potion of might
 F - a potion of ambrosia {unknown}
 G - a potion of cancellation {unknown}
 I - a potion of curing


   Skills:
 - Level 7.7 Fighting
 + Level 10.0 Staves
 - Level 6.9 Armour
 + Level 3.4 Dodging
 - Level 1.5 Stealth
 - Level 6.3 Spellcasting
 - Level 0.8 Conjurations
 + Level 9.3 Fire Magic
 - Level 5.7 Air Magic
 - Level 5.3 Alchemy
 - Level 6.4 Invocations


You had 10 spell levels left.
You knew the following spells:

 Your Spells              Type           Power      Damage    Failure   Level
a - Sting                 Conj/Alch      60%        1d6       9%          1
b - Mephitic Cloud        Conj/Alch/Air  28%        N/A       19%         3
c - Mercury Vapours       Alch/Air       72%        N/A       4%          2
d - Sticky Flame          Fire/Alch      45%        2d9       16%         4
e - Olgreb's Toxic Radia  Alch           23%        N/A       34%         4

Your spell library contained the following spells:

 Spells                   Type           Power      Damage    Failure   Level
 Volatile Blastmotes      Fire/Tloc      62%        2d15      14%         3
 Freeze                   Ice            32%        1d5       30%         1
 Hailstorm                Conj/Ice       10%        3d6       58%         3
 Frozen Ramparts          Ice            16%        1d3       65%         3
 Passwall                 Erth           8%         N/A       65%         3
 Summon Ice Beast         Ice/Summ       8%         N/A       65%         3
 Vhi's Electric Charge    Tloc/Air       44%        N/A       67%         4
 Leda's Liquefaction      Alch/Erth      10%        N/A       71%         4
 Fireball                 Conj/Fire      17%        3d9       71%         5
 Brom's Barrelling Bould  Conj/Erth      10%        2d3       94%         4
 Iskenderun's Battlesphe  Conj           8%         2d6       99%         5
 Borgnjor's Vile Clutch   Necr/Erth      4%         N/A       100%        5
 Lee's Rapid Deconstruct  Erth           4%         3d5*      100%        5
 Bombard                  Conj/Erth      5%         9d2       100%        6
 Conjure Ball Lightning   Conj/Air       12%        3x3d6     100%        6
 Dispersal                Tloc           2%         N/A       100%        6
 Gell's Gavotte           Tloc           2%         2d(12-18) 100%        6
 Permafrost Eruption      Ice/Erth       6%         2x4d3     100%        6
 Sculpt Simulacrum        Ice/Alch       10%        N/A       100%        6
 Manifold Assault         Tloc           2%         N/A       100%        7
 Orb of Destruction       Conj           4%         9d5       100%        7
 Spellforged Servitor     Conj/Summ      3%         N/A       100%        7
 Disjunction              Tloc           2%         N/A       100%        8
 Animate Dead             Necr           Unusable   N/A       N/A         4
 Death Channel            Necr           Unusable   N/A       N/A         6

Dungeon Overview and Level Annotations

Branches:
Dungeon (11/15)            Temple (1/1) D:6            Lair (2/5) D:11
    Orc (2/2) D:11          IceCv (visited)
  Swamp: Lair:2-3    Shoals: Lair:2-3     Snake: Lair:2-3    Spider: Lair:2-3
    Elf: Orc:2

Altars:
Ashenzari
Cheibriados
Dithmenos
Elyvilon
Fedhas
Gozag
Hepliaklqana
Kikubaaqudgha
Makhleb
Nemelex Xobeh
Okawaru
Qazlal
Ru
Sif Muna
Trog
Uskayaw
Vehumet
Wu Jian
Xom
Yredelemnul
Zin
The Shining One

Shops:
D:1 ?[*(*   D:9 (   D:11 =

Annotations:
D:2 1 runed translucent door, Crazy Yiuf
D:6 2 transporters
Orc:2 Saint Roka


Innate Abilities, Weirdness & Mutations

You can wield a second weapon in your off-hand.
It takes a long time for you to wield or remove held weapons.
Your first few attacks do less damage.
You cannot equip rings or amulets.


Message History

You hit the warg with the +3 Elemental Staff.
The warg is moderately wounded.
You closely miss the warg with your +1 broad axe of flaming.
The orc warrior looks more healthy.
The warg closely misses you.
The orc warrior is engulfed in noxious fumes.
The orc warrior appears confused.
The orc warrior barely misses your wight. x2
The orc warrior hits your warg zombie with a +0 battleaxe.
Your warg zombie bites the orc warrior!
The warg bites you!
* * * LOW HITPOINT WARNING * * *
Your wight hits the orc warrior but does no damage. x2
Your wraith hits Saint Roka but does no damage.
Your orc warrior zombie hits the orc warrior but does no damage.
The orc warrior is engulfed in noxious fumes.
The orc warrior appears confused.
The orc warrior closely misses itself.
Saint Roka mumbles some strange prayers to Beogh against you.
Beogh smites you!
* * * LOW HITPOINT WARNING * * *
The orc warrior shoots an arrow.
The arrow hits you but does no damage.
Okay, then.
Okay, then.
Your warg zombie bites the orc warrior!
The warg bites you but does no damage.
The orc warrior is engulfed in noxious fumes.
The orc warrior appears confused.
The orc warrior barely misses your wight.
The orc warrior hits your wight with a +0 battleaxe!
Your wight is destroyed!
Your wight returns to the grave!
The orc warrior hits your warg zombie with a +0 battleaxe!!
The orc warrior is engulfed in noxious fumes.
The orc warrior appears confused.
Saint Roka hits your wraith with a +0 great sword!!!
Your wraith is destroyed!
Your wraith returns to the grave!
Your wight barely misses the orc warrior.
Your warg zombie barely misses the orc warrior.
Your orc warrior zombie hits the orc warrior!
The orc warrior shoots an arrow.
The arrow hits you!
You die...
Your body rises from the dead as a mindless zombie.

##..........
...$......###
...........#
# .........##
#. )o§o......
#o ○Z☼......
##..#§§......
#...h@zo☼Z...
##..#..Z§....
## #####§...
... .


You could see Saint Roka (poisoned), a warg (soul-gripped), 3 orc warriors, a
friendly wight (summoned), a friendly warg zombie, a friendly orc zombie and a
friendly orc warrior zombie.

Vanquished Creatures
  Josephine (D:11)
  A boulder beetle (D:7)
  A necromancer (IceCv)
  An oklob plant (Lair:1)
  An ugly thing (IceCv)
  Maurice (D:8)
  An elephant (D:11)
  An ice statue (IceCv)
  A gargoyle (D:10)
  2 komodo dragons
  Maggie (D:8)
  12 ice devils (IceCv)
  An anaconda simulacrum (IceCv)
  A freezing wraith (IceCv)
  A polar bear (Lair:1)
  3 trolls
  6 blink frogs (Lair:2)
  A dire elephant simulacrum (IceCv)
  A shadow (D:11)
  4 wraiths
  Sigmund (D:4)
  A human (D:11)
  4 wyverns
  20 yaks
  2 wargs
  2 death yak simulacra (IceCv)
  2 steam dragons
  8 orc warriors
  An ice beast (D:7)
  A sky beast (D:7)
  A wolf (Lair:1)
  A centaur (D:8)
  An ogre (D:4)
  2 phantoms
  2 bullfrogs
  A cyclops zombie (D:11)
  A gnoll sergeant (D:7)
  2 scorpions (D:11)
  3 cane toad simulacra (IceCv)
  A wight (D:7)
  2 yak zombies
  3 elephant simulacra (IceCv)
  A killer bee (D:7)
  A howler monkey (D:7)
  2 electric eels
  A centaur zombie (D:10)
  7 hounds
  4 jellies
  A gnoll bouda (D:6)
  2 orc priests (D:11)
  2 iguanas
  Ijyb (D:5)
  13 orc wizards
  Natasha (thrice) (D:4)
  A spriggan simulacrum (IceCv)
  3 polar bear simulacra (IceCv)
  A hound zombie (D:7)
  6 gnolls
  4 adders
  A naga simulacrum (IceCv)
  3 white imps
  2 ufetubi (D:6)
  An iguana zombie (D:7)
  A jelly zombie (D:8)
  3 dart slugs
  38 orcs
  4 bats
  13 endoplasms
  4 giant cockroaches
  9 goblins
  5 hobgoblins
  3 jackals (D:1)
  12 kobolds
  3 quokkas
  6 ball pythons
  2 frilled lizards (D:2)
  8 orc zombies
  5 rats
280 creatures vanquished.

Vanquished Creatures (collateral kills)
  A hydra (Lair:2)
  A cyclops (D:11)
  A manticore (D:11)
  A black mamba (Lair:2)
  2 cane toads (Lair:1)
  2 freezing wraiths (IceCv)
  A komodo dragon (Lair:1)
  An ice devil (IceCv)
  2 trolls
  A hornet (D:10)
  4 blink frogs (Lair:2)
  A shadow (D:7)
  A human (D:11)
  3 wraiths
  A wyvern (Lair:2)
  11 yaks
  A water elemental (D:11)
  A steam dragon (D:10)
  4 vampire mosquitoes (D:11)
  A death yak simulacrum (IceCv)
  A harpy simulacrum (IceCv)
  3 hydra simulacra (IceCv)
  2 water moccasins
  2 orc warriors
  2 wolves (Lair:1)
  2 centaurs
  A kobold brigand (D:10)
  3 bullfrogs
  A cane toad simulacrum (IceCv)
  A two-headed ogre simulacrum (IceCv)
  A gnoll sergeant (D:9)
  4 wights (D:7)
  5 elephant simulacra (IceCv)
  2 electric eels (Lair:2)
  3 lava snakes (Lair:2)
  4 orc priests
  2 hounds (D:7)
  A human zombie (D:11)
  5 jellies (Lair:1)
  3 orc wizards
  A polar bear simulacrum (IceCv)
  A wolf simulacrum (IceCv)
  7 gnolls
  A shadow imp (D:7)
  A white imp (IceCv)
  13 orcs
  5 endoplasms (Lair:1)
  A kobold (D:10)
119 creatures vanquished.

Vanquished Creatures (others)
  An ugly thing zombie (IceCv)
  A spectral cane toad (IceCv)
  8 spectral ice devils (IceCv)
  A human zombie (IceCv)
  A cane toad zombie (Lair:1)
  2 blink frog zombies (Lair:2)
  2 troll zombies (D:11)
  6 yak zombies
  2 wolf zombies (Lair:1)
  A centaur zombie (D:8)
  2 bullfrog zombies
  A killer bee zombie (D:7)
  A hound zombie (D:6)
  A howler monkey zombie (D:7)
  A steam dragon zombie (D:9)
  2 spectral white imps (IceCv)
  7 gnoll zombies
  5 endoplasm zombies (Lair:1)
  18 orc zombies
63 creatures vanquished.

Grand Total: 462 creatures vanquished

Notes
Turn   | Place    | Note
-------+----------+-------------------------------------------
     0 | D:1      | Shayle the Coglin Alchemist began the quest for the Orb.
     0 | D:1      | Reached XP level 1. HP: 13/13 MP: 3/3
   211 | D:1      | Found Kityt's Assorted Antiques.
   214 | D:1      | Found Rairoffy's General Store.
   354 | D:1      | Found Firuc's Antique Armour Shop.
   475 | D:1      | Reached XP level 2. HP: 11/20 MP: 0/4
   602 | D:1      | Reached skill level 1 in Fighting
   692 | D:1      | Found Cuzxotz's Magic Scroll Boutique.
   870 | D:1      | Reached skill level 1 in Armour
  1014 | D:1      | Reached skill level 1 in Invocations
  1014 | D:1      | Reached XP level 3. HP: 25/26 MP: 5/5
  1109 | D:1      | Found a faded altar of an unknown god.
  1109 | D:1      | Noticed an orange demon
  1488 | D:1      | Found Recwuuq's Weapon Shoppe.
  1637 | D:2      | Found a runed translucent door.
  1638 | D:2      | Noticed Crazy Yiuf
  1969 | D:2      | Reached XP level 4. HP: 28/33 MP: 3/6
  2891 | D:4      | Upgraded the game from 0.32-a0-841-g4648e6c457 to
                  | 0.32-a0-859-gb0a091d592
  2912 | D:4      | Learned a level 3 spell: Mephitic Cloud
  2990 | D:4      | Noticed Natasha
  2997 | D:4      | Learned a level 2 spell: Mercury Vapours
  3004 | D:4      | Killed Natasha
  3005 | D:4      | Reached XP level 5. HP: 36/39 MP: 0/7
  3086 | D:4      | Noticed Natasha
  3088 | D:4      | Noticed an ogre
  3094 | D:4      | Killed Natasha
  3101 | D:4      | Killed an ogre
  3252 | D:4      | Reached XP level 6. HP: 47/47 MP: 5/8
  3340 | D:4      | Noticed Natasha
  3354 | D:4      | Killed Natasha
  3476 | D:4      | Noticed Sigmund
  3489 | D:4      | Killed Sigmund
  3865 | D:4      | Reached XP level 7. HP: 53/53 MP: 3/9
  4181 | D:5      | Entered Level 5 of the Dungeon
  4476 | D:5      | Found a radiant altar of Vehumet.
  4799 | D:5      | Noticed Ijyb
  4916 | D:5      | Killed Ijyb
  5084 | D:5      | Noticed a steam dragon
  5111 | D:5      | Killed a steam dragon
  5337 | D:6      | Found a staircase to the Ecumenical Temple.
  5343 | Temple   | Entered the Ecumenical Temple
  5367 | Temple   | Became a worshipper of Yredelemnul the Fallen
  5429 | D:6      | Reached XP level 8. HP: 54/61 MP: 1/10
  5674 | D:6      | Found a transporter.
  5675 | D:6      | Found a transporter.
  6003 | D:6      | Found a glowing golden altar of the Shining One.
  6116 | D:6      | Reached skill level 5 in Fighting
  6372 | D:6      | Found an ancient bone altar of Kikubaaqudgha.
  6373 | D:6      | Found a stormy altar of Qazlal.
  6552 | D:6      | Found a glowing silver altar of Zin.
  6653 | D:6      | Noticed a wraith
  6659 | D:6      | Found a bloodstained altar of Trog.
  6673 | D:6      | Killed a wraith
  6674 | D:6      | Reached skill level 5 in Armour
  7194 | D:7      | Noticed a wraith
  7204 | D:7      | Reached skill level 5 in Invocations
  7208 | D:7      | Reached XP level 9. HP: 34/70 MP: 2/12
  7213 | D:7      | Reached * piety under Yredelemnul
  7215 | D:7      | Noticed a boulder beetle
  7478 | D:7      | Identified 2 scrolls of acquirement
  7478 | D:7      | Acquired the +3 Elemental Staff {ele, rElec rF+ rC+ AC+3}
  7478 | D:7      | Found the +3 Elemental Staff {ele, rElec rF+ rC+ AC+3}
  7705 | D:7      | Killed a boulder beetle
  7706 | D:7      | Reached skill level 2 in Staves
  7710 | D:7      | HP: 2/72 [wyvern (14)]
  8037 | D:7      | Reached XP level 10. HP: 66/78 MP: 14/14
  8050 | D:7      | Reached skill level 3 in Staves
  8181 | D:7      | Reached skill level 1 in Air Magic
  8556 | D:4      | Acquired the +2 cloak of Cowardice {rC+ MP+9 Dex-2}
  9111 | D:8      | Reached skill level 1 in Fire Magic
  9175 | D:8      | Noticed Maggie
  9194 | D:8      | Killed Maggie
  9463 | D:8      | Noticed Maurice
  9499 | D:8      | Something stole a +0 flail {Sinnashi}
  9500 | D:8      | Something stole a throwing net
  9509 | D:8      | Something stole 281 gold
  9510 | D:8      | Something stole 126 gold
  9515 | D:8      | Maurice stole 56 gold
  9583 | D:8      | Killed Maurice
  9583 | D:8      | Reached ** piety under Yredelemnul
  9584 | D:8      | Reached skill level 4 in Staves
 10309 | D:9      | Found Sehorr's Antique Weapon Shoppe.
 10666 | D:9      | Reached skill level 5 in Staves
 11008 | D:10     | Entered Level 10 of the Dungeon
 11029 | D:10     | Reached XP level 11. HP: 60/85 MP: 17/17
 11107 | D:10     | Found a shimmering blue altar of Sif Muna.
 11410 | D:10     | Learned a level 4 spell: Sticky Flame
 11444 | D:10     | Identified the +5 flail "Zydwuo" {drain, Fly}
 11664 | D:10     | Found a hazy altar of Hepliaklqana.
 11664 | D:10     | Found a snail-covered altar of Cheibriados.
 11665 | D:10     | Found a hide-covered altar of Uskayaw.
 11741 | D:10     | Reached skill level 5 in Spellcasting
 11747 | D:10     | Reached skill level 6 in Staves
 12127 | D:10     | Reached *** piety under Yredelemnul
 12128 | D:10     | Reached skill level 5 in Fire Magic
 12202 | D:11     | Noticed a cyclops
 12209 | D:11     | Killed a cyclops
 12553 | D:11     | Found an iron altar of Okawaru.
 12922 | D:11     | Found a staircase to the Orcish Mines.
 13032 | D:11     | Reached skill level 7 in Staves
 13032 | D:11     | Noticed Josephine
 13041 | D:11     | Killed Josephine
 13041 | D:11     | Reached **** piety under Yredelemnul
 13218 | D:11     | Learned a level 4 spell: Olgreb's Toxic Radiance
 13281 | D:11     | Acquired the +3 pair of mountain boots {steadfast, rC+}
 13281 | D:11     | Found the +3 pair of mountain boots {steadfast, rC+}
 13282 | D:11     | Acquired the +1 helmet of the Sheltering Gods {rN+ Slay+3}
 13283 | D:11     | Acquired 915 gold pieces
 13325 | D:11     | Found a staircase to the Lair.
 13419 | D:11     | Noticed a manticore
 13441 | D:11     | Killed a manticore
 13442 | D:11     | Reached XP level 12. HP: 79/92 MP: 21/21
 13609 | D:11     | Found Zuarch's Jewellery Boutique.
 14086 | D:1      | Bought 3 scrolls labelled BIADAD TAGH for 78 gold pieces
 14086 | D:1      | Bought a bubbling clear potion for 23 gold pieces
 14086 | D:1      | Bought a scroll of identify for 52 gold pieces
 14086 | D:1      | Bought a scroll of identify for 52 gold pieces
 14091 | D:1      | Bought a potion of invisibility for 88 gold pieces
 14091 | D:1      | Bought a potion of berserk rage for 55 gold pieces
 14148 | D:1      | Bought a scroll of enchant weapon for 75 gold pieces
 14148 | D:1      | Bought a scroll of summoning for 95 gold pieces
 14148 | D:1      | Bought a scroll of noise for 10 gold pieces
 14396 | Lair:1   | Entered Level 1 of the Lair of Beasts
 14606 | Lair:1   | Reached skill level 8 in Staves
 14697 | Lair:1   | Found a frozen archway.
 14709 | Lair:1   | Reached skill level 5 in Alchemy
 14712 | IceCv    | Entered an ice cave
 15630 | IceCv    | Found an ancient bone altar of Kikubaaqudgha.
 15654 | IceCv    | Reached skill level 9 in Staves
 15654 | IceCv    | Reached skill level 5 in Air Magic
 15681 | IceCv    | Reached XP level 13. HP: 31/98 MP: 7/22
 16973 | Lair:2   | Found a sacrificial altar of Ru.
 17977 | Orc:1    | Entered Level 1 of the Orcish Mines
 18043 | Orc:1    | Reached skill level 10 in Staves
 18199 | Orc:2    | Entered Level 2 of the Orcish Mines
 18199 | Orc:2    | Noticed Saint Roka
 18209 | Orc:2    | HP: 4/98 [Saint Roka/divine providence (12)]
 18210 | Orc:2    | Shot with an arrow by an orc warrior

Illustrated notes

Levels and vault maps discovered:
D:1:      minmay_arrival_widening_spiral_narrow, layout_basic,
          dreamdust_ecumenical_altar_sealed_demon, serial_co_window_serial,
          co_window_corner_a, co_window_of_opportunity_a, co_window_paths_b,
          co_window_corner_a, co_window_paths_a, co_window_corner_ca,
          co_window_broadway_b, co_window_cross_2, co_window_broadway_c,
          co_window_2corner, co_window_4corner_b, glass_columns_b,
          glass_columns_a, glass_columns_c, glass_columns_c, serial_shops, shop,
          nicolae_shop_tiny_statue_garden,
          nicolae_shop_competitors_out_of_business, shop, shop
D:2:      layout_rooms, grunt_ministairs_14, amcnicky_mini_corridor_feature,
          minmay_misc_feat_encased, uniq_crazy_yiuf_cottage
D:3:      layout_rooms, minivault_27
D:4:      layout_basic, uniq_sigmund, uniq_natasha
D:5:      layout_gridville, mainiacjoe_overflow_alcove_2,
          chequers_serial_rivers_micro_e, uniq_ijyb
D:6:      gammafunk_steamed_eel, layout_loops_ring, tso_altar,
          mainiacjoe_overflow_boulevard, nicolae_overflow_squiral,
          kennysheep_little_box, minmay_temple_entry_hall, centaur_isle
D:7:      hangedman_cross_stitches, layout_basic
D:8:      layout_loops_ring, uniq_maurice, uniq_maggie
D:9:      layout_basic, serial_shops, nicolae_shop_peninsula,
          minmay_misc_feat_roman
D:10:     layout_long_grid, lemuel_round_altar,
          chequers_temple_overflow_statue_of_worship
D:11:     layout_irregular_city, grunt_lair_entry_orc_guard_hut, erik_orc_2,
          serial_glass, glass_columns_a, glass_columns_b, serial_shops, shop,
          serial_bayou_pond_e, okawaru_humans, uniq_josephine
Temple:   nicolae_temple_bog_church
Lair:1:   lemuel_slime, layout_small_grid, portal_ice_cave_entry_pillars_2,
          lemuel_old_faithful
Lair:2:   layout_hall_layers, basic_altar, nicolae_quartered_pool_super,
          nicolae_lair_liquid_snakes
Orc:1:    layout_diamond_mine, basic_altar, uniq_nergalle
Orc:2:    st_orc_pillars, layout_diamond_mine, serial_shops, shop,
          guppyfry_orc_lava_fort, uniq_saint_roka, uniq_sonja

Skill      XL: |  1  2  3  4  5  6  7  8  9 10 11 12 13 |
---------------+----------------------------------------+-----
Fighting       | 1 2 3 4 6 7 |  7.7
Armour         | 1 2 3 4 5 6 |  6.9
Invocations    | 1 2 3 5 6 |  6.4
Staves         | 2 5 7 9 10 | 10.0
Spellcasting   | 4 6 |  6.3
Air Magic      | 1 5 |  5.7
Fire Magic     | 4 6 8 9 |  9.3
Alchemy        | 5 |  5.3
Dodging        | 3 |  3.4
Stealth        | |  1.5
Conjurations   | |  0.8

Action                     |  1- 3 |  4- 6 |  7- 9 | 10-12 | 13-15 || total
---------------------------+-------+-------+-------+-------+-------++-------
  Melee: Unarmed           |    17 |       |       |       |       ||    17
         Dagger            |   107 |    10 |       |       |       ||   117
         Hand axe          |       |    49 |   218 |    23 |       ||   290
         Flail             |       |    31 |   168 |       |       ||   199
         Staff             |       |       |    57 |   343 |    73 ||   473
         Broad axe         |       |       |       |   305 |    78 ||   383
         War axe           |       |       |       |    30 |       ||    30
   Cast: Sting             |    44 |    37 |    26 |     1 |       ||   108
         Mercury Vapours   |       |     1 |       |     2 |       ||     3
         Mephitic Cloud    |       |     4 |    26 |    34 |     3 ||    67
         Sticky Flame      |       |       |       |    39 |     4 ||    43
         Olgreb's Toxic Ra |       |       |       |       |     4 ||     4
 Invoke: Light the Black T |       |       |     2 |     5 |     3 ||    10
         Recall Undead Har |       |       |     2 |     1 |     1 ||     4
         Bind Soul         |       |       |       |     1 |     1 ||     2
  Evoke: Wand              |       |       |    13 |     4 |     8 ||    25
    Use: Scroll            |       |       |     4 |    16 |       ||    20
         Potion            |       |       |     9 |     4 |       ||    13
   Stab: Sleeping          |     1 |     1 |       |       |       ||     2
         Confused          |       |     2 |    26 |    20 |     1 ||    49
         Invisible         |       |       |     3 |       |       ||     3
         Distracted        |       |       |       |     7 |     3 ||    10
 Armour: Robe              |    51 |    27 |    32 |       |       ||   110
         Steam dragon scal |       |       |   197 |   421 |    76 ||   694
         Swamp dragon scal |       |       |       |       |    37 ||    37
  Dodge: Dodged            |    58 |    29 |   212 |   271 |    82 ||   652

Table legend: (Time is in decaauts)
 A = Elapsed time spent in this place.
 B = Non-inter-level travel time spent in this place.
 C = Inter-level travel time spent in this place.
 D = Time resting spent in this place.
 E = Time spent auto-exploring this place.
 F = Levels seen in this place.
 G = Mean time per level.
                   A        B        C        D        E       F      G
               +--------+--------+--------+--------+--------+-----+--------+
         Total |  18485 |  16930 |   1555 |   4672 |   7784 |  17 | 1087.4 |
       Dungeon |  14624 |  13247 |   1377 |   3274 |   6850 |  11 | 1329.5 |
        Temple |     48 |      2 |     46 |      0 |      0 |   1 |   48.0 |
          Lair |   2182 |   2051 |    131 |    517 |    889 |   2 | 1091.0 |
  Orcish Mines |    235 |    235 |      0 |    112 |      0 |   2 |  117.5 |
      Ice Cave |   1395 |   1395 |      0 |    768 |     44 |   1 | 1395.0 |
               +--------+--------+--------+--------+--------+-----+--------+

Top non-repeatable levels by time:
     D:6: 2055 daAuts
    D:11: 1788 daAuts
     D:7: 1657 daAuts
     D:1: 1618 daAuts
     D:4: 1606 daAuts
   IceCv: 1395 daAuts
    D:10: 1242 daAuts
  Lair:1: 1227 daAuts
     D:8: 1172 daAuts
     D:5: 1151 daAuts
  Lair:2: 954 daAuts
     D:9: 905 daAuts
     D:2: 819 daAuts
     D:3: 605 daAuts
   Orc:1: 224 daAuts
